Map: 이어 제로 - 래더

Players

Solar - Winner!

  • Race: Zerg Zerg
  • Spawn Location: 1:00

Denver

  • Race: Zerg Zerg
  • Spawn Location: 11:00

Event: IEM Season 13: Katowice (2019)

VOD

Have the link to the VOD?

Description

Time

  • Played on: Feb. 26, 2019, 10:12 a.m.
  • Length: 15:15

All games in this series

Show
View Real Time Build Order
Export as new Build Order

Solar Zerg - Winner!

Build Orders: Hatch First, Lurkers 

Get SALT Encoding   

  12  0:01  Drone  
  13  0:12  Overlord  
  13  0:18  Drone  
  14  0:31  Drone x2  
  16  0:49  Hatchery  
  15  0:53  Drone  
  15  0:56  Drone  
  17  0:59  Drone  
  18  1:10  Extractor  
  17  1:15  Spawning Pool  
  16  1:19  Drone  
  16  1:21  Drone  
  18  1:28  Drone  
  19  1:40  Drone  
  20  1:49  Overlord  
  20  2:02  Queen  
  20  2:03  Queen, Drone x2  
  26  2:11  Metabolic Boost  
  26  2:13  Drone  
  26  2:15  Drone  
  28  2:22  Drone  
  29  2:23  Drone  
  30  2:33  Zergling x2  
  31  2:41  Hatchery  
  31  2:43  Drone  
  31  2:45  Drone  
  31  2:50  Overlord  
  32  2:55  Zergling x2  
  32  2:56  Drone  
  34  2:59  Evolution Chamber  
  33  3:05  Drone  
  33  3:06  Drone  
  33  3:12  Drone x3  
  38  3:13  Drone x2  
  38  3:17  Drone  
  38  3:19  Overlord  
  41  3:22  Drone  
  41  3:26  Zerg Missile Weapons Level 1  
  42  3:30  Drone  
  42  3:33  Roach Warren  
  42  3:34  Drone  
  42  3:37  Extractor  
  42  3:41  Drone x3  
  43  3:43  Drone  
  43  3:48  Queen  
  48  3:53  Drone  
  48  3:54  Extractor  
  48  3:55  Lair  
  48  3:58  Drone  
  48  4:00  Drone  
  50  4:03  Overlord  
  50  4:05  Drone  
  50  4:07  Drone  
  50  4:08  Drone  
  53  4:15  Drone  
  53  4:16  Roach x2  
  57  4:19  Overlord  
  57  4:21  Drone  
  57  4:22  Drone x2  
  60  4:25  Roach  
  60  4:28  Roach, Extractor  
  60  4:30  Roach  
  65  4:34  Drone  
  65  4:37  Overlord  
  65  4:39  Roach  
  65  4:40  Roach  
  65  4:44  Overlord  
  69  4:46  Drone x2  
  69  4:48  Drone  
  69  4:50  Overlord  
  72  4:53  Glial Reconstitution  
  72  4:54  Overseer  
  72  4:57  Roach  
  72  4:59  Roach  
  76  5:02  Overlord  
  76  5:03  Roach  
  78  5:07  Roach  
  78  5:09  Roach  
  78  5:11  Roach  
  78  5:13  Roach  
  78  5:14  Roach  
  88  5:16  Roach  
  88  5:19  Overlord  
  90  5:21  Drone  
  90  5:22  Roach  
  90  5:25  Roach  
  90  5:28  Roach x2  
  99  5:32  Overlord  
  99  5:34  Roach  
  101  5:39  Drone x2  
  101  5:41  Drone  
  101  5:42  Drone  
  105  5:44  Drone  
  105  5:45  Drone  
  105  5:46  Drone  
  105  5:48  Overlord  
  105  5:49  Drone  
  109  5:52  Drone  
  109  5:54  Roach  
  109  5:55  Overseer  
  112  5:57  Zerg Missile Weapons Level 2  
  112  5:58  Roach x2  
  112  6:01  Overlord  
  116  6:05  Roach x2  
  116  6:06  Extractor  
  116  6:09  Roach x2  
  123  6:12  Roach x2  
  123  6:14  Roach  
  123  6:17  Overlord  
  129  6:19  Roach x2  
  129  6:21  Roach  
  129  6:25  Roach  
  137  6:26  Overlord  
  137  6:28  Overlord  
  137  6:30  Overlord  
  137  6:34  Overlord  
  137  6:36  Roach x2  
  137  6:37  Ravager x3  
  144  6:41  Overlord  
  144  6:42  Overlord  
  144  6:44  Overlord  
  144  6:45  Roach  
  146  6:49  Roach x2  
  150  6:59  Roach x5  
  160  7:04  Roach x4  
  168  7:11  Roach x3  
  168  7:13  Roach  
  168  7:14  Roach  
  178  7:16  Roach, Ravager  
  178  7:21  Drone  
  182  7:25  Roach x2  
  186  7:34  Roach x4  
  186  7:35  Roach x2  
  198  7:46  Roach x2  
  199  7:56  Extractor  
  198  8:05  Roach  
  196  8:06  Roach  
  196  8:07  Overlord x3  
  196  8:09  Overlord  
  182  8:13  Roach, Zerg Ground Armor Level 1  
  182  8:14  Roach x5  
  182  8:16  Roach x2  
  182  8:19  Roach x2  
  192  8:25  Roach  
  194  8:27  Roach x2  
  198  8:37  Ravager  
  199  8:50  Spire  
  198  8:56  Ravager, Hatchery  
  198  9:07  Hatchery  
  198  9:21  Ravager  
  199  9:31  Overlord  
  199  9:34  Overlord  
  197  9:42  Roach  
  199  9:48  Ravager  
  198  10:11  Roach  
  200  10:18  Roach x2  
  192  10:21  Roach x3  
  192  10:22  Roach x3  
  192  10:24  Roach  
  196  10:33  Roach x3  
  198  10:42  Roach x8  
  200  10:43  Roach  
  200  10:44  Roach  
  200  10:47  Roach  
  200  10:49  Roach x3  
  189  10:50  Roach x3  
  189  10:51  Roach x3  
  189  10:53  Roach  
  189  10:54  Roach x2  
  194  10:57  Hatchery  
  191  11:07  Extractor  
  191  11:08  Mutalisk  
  191  11:09  Mutalisk x2, Extractor  
  187  11:11  Overseer x2  
  187  11:12  Pneumatized Carapace  
  187  11:13  Mutalisk x4  
  187  11:14  Mutalisk x2  
  199  11:20  Hydralisk Den  
  199  11:25  Spine Crawler  
  197  11:31  Mutalisk x2  
  200  11:34  Spine Crawler  
  199  11:47  Drone x2  
  199  11:50  Grooved Spines  
  199  11:51  Lurker Den  
  198  11:59  Drone x4  
  200  12:12  Overseer  
  199  12:25  Drone x2  
  199  12:26  Drone  
  200  12:46  Spine Crawler  
  200  12:47  Overseer x2, Spine Crawler  
  200  12:49  Overseer  
  198  12:53  Drone x2, Infestation Pit  
  199  13:01  Muscular Augments  
  199  13:03  Ravager  
  200  13:07  Hydralisk  
  198  13:13  Roach  
  198  13:21  Roach  
  196  13:28  Roach x2  
  196  13:33  Hydralisk x2  
  200  13:36  Hydralisk x3  
  200  13:41  Spine Crawler  
  198  13:42  Hydralisk  
  198  13:45  Hive  
  198  13:47  Tunneling Claws  
  198  13:48  Burrow  
  198  13:49  Drone x2  
  196  14:23  Hydralisk x2, Lurker x4  
  198  14:31  Hydralisk  
  198  14:35  Hydralisk  
  199  14:40  Roach  
  199  14:41  Roach  
  194  14:47  Roach x3  
Show
View Real Time Build Order
Export as new Build Order

Denver Zerg 

Build Orders: Hatch First 

Get SALT Encoding   

  12  0:00  Drone  
  13  0:13  Overlord  
  13  0:18  Drone  
  14  0:32  Drone x2  
  16  0:50  Hatchery  
  16  0:53  Drone  
  16  0:56  Drone  
  17  1:01  Drone  
  18  1:11  Extractor  
  17  1:16  Spawning Pool  
  16  1:19  Drone  
  16  1:23  Drone  
  18  1:28  Drone  
  19  1:39  Drone  
  20  1:50  Drone  
  21  2:02  Queen x2, Drone x2  
  27  2:11  Overlord  
  27  2:14  Drone  
  28  2:31  Drone x2  
  28  2:34  Overlord  
  28  2:35  Drone  
  31  2:38  Queen  
  31  2:40  Lair  
  33  2:44  Drone x2  
  35  2:53  Evolution Chamber  
  35  2:55  Drone  
  35  3:00  Roach Warren  
  35  3:03  Drone  
  35  3:07  Drone x2  
  35  3:12  Drone x3  
  40  3:16  Drone x2  
  42  3:20  Zerg Missile Weapons Level 1  
  42  3:24  Evolution Chamber  
  42  3:27  Overlord  
  41  3:30  Extractor  
  41  3:31  Extractor  
  39  3:35  Drone x3  
  39  3:39  Overlord  
  42  3:42  Glial Reconstitution  
  42  3:49  Overlord  
  42  3:52  Drone x3  
  42  3:53  Drone  
  46  3:57  Overlord  
  46  4:00  Roach  
  48  4:04  Roach  
  48  4:05  Roach  
  52  4:10  Roach  
  52  4:17  Roach  
  56  4:24  Overlord, Drone x2  
  58  4:36  Roach x2  
  58  4:37  Roach  
  63  4:40  Drone  
  63  4:43  Drone x2  
  66  4:46  Hatchery  
  66  4:49  Zerg Ground Armor Level 1  
  65  4:53  Drone x2  
  65  4:54  Overseer  
  65  4:58  Drone x3  
  70  5:01  Overlord  
  70  5:10  Overlord  
  70  5:13  Drone x3  
  73  5:17  Extractor  
  73  5:19  Zerg Missile Weapons Level 2  
  72  5:22  Drone x2  
  72  5:25  Roach  
  76  5:28  Overlord  
  76  5:34  Roach x4  
  84  5:36  Extractor  
  84  5:39  Roach x2  
  87  5:43  Drone  
  87  5:46  Roach  
  90  5:53  Roach  
  92  5:57  Roach  
  92  5:58  Roach x3  
  92  6:02  Roach x2  
  104  6:13  Roach x5  
  114  6:19  Overlord  
  114  6:22  Nydus Network  
  114  6:23  Drone  
  114  6:24  Overlord  
  114  6:28  Overlord  
  114  6:35  Overlord  
  114  6:39  Roach x4  
  122  6:41  Overlord  
  122  6:45  Overlord  
  122  6:49  Roach x2  
  122  6:51  Roach  
  122  6:52  Roach  
  130  6:56  Roach x2  
  130  7:00  Roach x2  
  138  7:07  Roach  
  138  7:08  Roach x2  
  144  7:14  Nydus Canal  
  144  7:17  Roach  
  144  7:18  Roach x4  
  154  7:23  Overlord  
  154  7:26  Roach x3  
  154  7:29  Overlord  
  160  7:30  Ravager  
  160  7:31  Ravager  
  160  7:34  Overlord  
  162  7:37  Overlord  
  162  7:39  Overlord  
  162  7:42  Overlord  
  162  7:47  Roach x3  
  162  7:49  Nydus Canal  
  166  7:51  Ravager  
  166  7:52  Ravager  
  166  7:53  Overlord  
  166  7:57  Roach x2  
  168  8:07  Roach x5  
  166  8:18  Roach x4  
  147  8:22  Roach x2  
  147  8:23  Roach  
  147  8:26  Drone x3  
  149  8:29  Nydus Canal  
  149  8:40  Roach x5  
  159  8:46  Roach x3  
  165  8:53  Roach x3  
  171  8:59  Ravager  
  171  9:00  Overlord  
  172  9:04  Roach x4  
  180  9:11  Roach x3  
  180  9:16  Ravager  
  187  9:19  Drone x2  
  187  9:20  Drone  
  187  9:22  Extractor  
  189  9:27  Hatchery  
  189  9:31  Roach x3  
  194  9:34  Burrow  
  190  9:41  Tunneling Claws  
  190  9:45  Roach x4  
  198  9:57  Ravager x2  
  200  10:00  Pneumatized Carapace, Overlord  
  191  10:23  Roach x4  
  191  10:26  Nydus Canal  
  187  10:40  Roach x13  
  187  10:41  Roach x5  
  190  10:47  Roach x2  
  172  10:51  Roach x2  
  172  10:55  Roach x2  
  170  10:57  Roach  
  170  10:58  Roach  
  170  11:00  Roach x4  
  172  11:08  Roach x4  
  172  11:09  Roach x2  
  174  11:15  Roach x3  
  174  11:16  Ravager x2  
  182  11:21  Hydralisk Den  
  182  11:22  Nydus Canal  
  181  11:32  Roach x12  
  181  11:33  Roach x6  
  181  11:36  Nydus Canal  
  181  11:39  Overseer  
  189  11:50  Nydus Canal  
  189  11:56  Hydralisk x3, Grooved Spines  
  189  11:57  Roach x6  
  189  12:02  Hydralisk x2  
  189  12:05  Roach  
  185  12:13  Roach x5, Hydralisk  
  185  12:14  Hydralisk x3  
  193  12:22  Hydralisk x3  
  189  12:32  Roach  
  189  12:33  Roach x6  
  189  12:36  Overlord  
  191  12:41  Overlord x2  
  185  12:46  Hydralisk x2  
  187  12:51  Overlord  
  187  12:52  Overlord  
  187  12:55  Nydus Canal  
  187  13:07  Muscular Augments  
  187  13:12  Roach  
  189  13:13  Roach x6  
  189  13:18  Roach x3  
  187  13:29  Roach  
  187  13:30  Roach x6  
  197  13:37  Roach x2  
  198  13:50  Ravager  
  198  13:54  Hydralisk  
  199  14:02  Roach x2  
  199  14:03  Roach x10  
  197  14:12  Roach x5  
  197  14:15  Queen, Lurker Den  
  190  14:34  Spore Crawler  
  179  14:40  Roach x10  
  185  14:48  Roach  
  185  14:49  Roach x12  

Tags
 
Add a new tag
Caveats
  • Supply blocks, unpowered buildings, or Contaminate may cause inaccurate times.
  • Supply counts are checked every 10 seconds.